 Dungeon Crawl Stone Soup version 0.20.0-15-g7f486f2 (webtiles) character file.

67 Chiseanne the Covered (level 4, -1/32 HPs)
             Began as a Demonspawn Wanderer on June 22, 2017.
             Slain by a worker ant (7 damage)
             ... on level 3 of the Dungeon.
             The game lasted 00:07:42 (2817 turns).

Chiseanne the Covered (Demonspawn Wanderer)         Turns: 2817, Time: 00:07:43

Health: -1/32      AC:  5    Str: 12    XL:     4   Next: 0%
Magic:  1/7        EV: 11    Int: 18    God:
Gold:   109        SH:  0    Dex:  9    Spells: 1/7 levels left

rFire    . . .     SeeInvis .   a - +0 spear
rCold    . . .     Gourm    .   (no shield)
rNeg     . . .     Faith    .   e - +0 robe
rPois    .         Spirit   .   (helmet restricted)
rElec    .         Reflect  .   (no cloak)
rCorr    .         Harm     .   i - +0 pair of gloves
MR       +....                  (no boots)
Stlth    +.........             u - amulet of regeneration
Regen    0.5/turn               q - ring of protection from magic
MPRegen  0.1/turn               (no ring)

@: lethally poisoned (-1 -> -1)
A: horns 1, icy blue scales 1, powered by death 1
a: no special abilities


You were on level 3 of the Dungeon.
You were very hungry.

You visited 1 branch of the dungeon, and saw 3 of its levels.

You collected 109 gold pieces.

Inventory:

Hand Weapons
 a - a +0 spear (weapon)
 w - a +0 blowgun
Missiles
 m - 49 stones (quivered)
 n - 16 arrows
 r - 5 javelins
 t - 12 poisoned needles
Armour
 e - a +0 robe (worn)
 i - a +0 pair of gloves (worn)
Jewellery
 q - a ring of protection from magic (left hand)
 u - an amulet of regeneration (around neck)
Scrolls
 l - 2 scrolls of teleportation
 s - a scroll of remove curse
Potions
 c - a potion of curing
 g - a potion of heal wounds
 k - a potion of flight {unknown}
 p - a potion of brilliance {unknown}
Books
 b - Sif Muna's Tome of Venom

   Spells                             Type                      Level
   a - Sting                          Conjuration/Poison           1
   b - Ignite Poison                  Fire/Transmutation/Poison    3
 d - a book of Minor Magic

   Spells                             Type                      Level
   a - Magic Dart                     Conjuration                  1
   b - Blink                          Translocation                2
   c - Call Imp                       Summoning                    2
   d - Slow                           Hexes                        2
   e - Conjure Flame                  Conjuration/Fire             3
   f - Mephitic Cloud                 Conjuration/Poison/Air       3
Comestibles
 f - 3 bread rations
 h - 3 fruits
 j - 3 meat rations
 o - 2 royal jellies


   Skills:
 - Level 1.0 Fighting
   Level 1.0 Bows
 - Level 1.0 Throwing
 - Level 2.6 Armour
 * Level 2.2 Spellcasting
 * Level 2.5 Conjurations
 * Level 2.2 Poison Magic
   Level 1.0 Evocations


You had one spell level left.
You knew the following spells:

 Your Spells              Type           Power        Failure   Level  Hunger
a - Magic Dart            Conj           ##..         6%          1    #......
b - Blink                 Tloc           N/A          26%         2    ##.....
d - Mephitic Cloud        Conj/Pois/Air  #.......     28%         3    ###....


Dungeon Overview and Level Annotations

Branches:
Dungeon (3/15)

Altars:
Ru


Innate Abilities, Weirdness & Mutations

You have a pair of small horns on your head.
You are partially covered in icy blue scales. (AC +2)
You regenerate a little health from kills.


Message History

* * * LOW HITPOINT WARNING * * *
You feel better. The worker ant bites you.
You are poisoned.
The worker ant poisons you! The worker ant barely misses you.
You hit the worker ant.
The worker ant is almost dead.
You feel sick. The worker ant misses you.
You hit the worker ant but do no damage.
You headbutt the worker ant.
The worker ant is almost dead.
You feel sick.
The worker ant bites you but does no damage.
You hit the worker ant but do no damage.
The worker ant is almost dead.
You feel sick. The worker ant bites you.
* * * LOW HITPOINT WARNING * * *
You hit the worker ant but do no damage.
The worker ant is almost dead.
You feel sick. The worker ant misses you. The worker ant bites you!
You die...

# #########
#...####.......#
#.....a@..# #.#
#...####..####.#####
# #...........#
#.#####.###.#
#.#####.# #.#
#.......# #.#
######### #.# #.#
#.#


You could see a worker ant.

Vanquished Creatures
  2 adders (D:3)
  A worm (D:2)
  A dart slug (D:1)
  A ball python (D:1)
  6 giant cockroaches
  3 goblins
  5 hobgoblins
  4 jackals (D:1)
  4 bats
  A frilled lizard (D:2)
  6 kobolds
  6 rats
40 creatures vanquished.

Notes
Turn   | Place    | Note
-------+----------+-------------------------------------------
     0 | D:1      | Chiseanne the Demonspawn Wanderer began the quest for the Orb.
     0 | D:1      | Chiseanne set off with: a book of Minor Magic, Sif Muna's Tome of Venom, 8 poisoned needles, a +0 blowgun, a +0 robe, a bread ration
     0 | D:1      | Reached XP level 1. HP: 15/15 MP: 2/2
     3 | D:1      | Identified Sif Muna's Tome of Venom
     5 | D:1      | Learned a level 1 spell: Magic Dart
   405 | D:1      | Gained mutation: You regenerate a little health from kills. [demonic ancestry]
   405 | D:1      | Reached XP level 2. HP: 19/21 MP: 2/4
   453 | D:1      | Reached skill level 1 in Conjurations
   862 | D:1      | Learned a level 2 spell: Blink
  1130 | D:1      | Gained mutation: You are partially covered in icy blue scales. (AC +2) [demonic ancestry]
  1130 | D:1      | Reached XP level 3. HP: 26/26 MP: 1/6
  1744 | D:2      | Learned a level 3 spell: Mephitic Cloud
  2276 | D:2      | Found a sacrificial altar of Ru.
  2663 | D:3      | Gained mutation: You have a pair of small horns on your head. [demonic ancestry]
  2663 | D:3      | Reached XP level 4. HP: 32/32 MP: 0/7
  2817 | D:3      | Slain by a worker ant

Skill      XL: |  1  2  3 |
---------------+----------+-----
Conjurations   | 1 2 |  2.5
Spellcasting   | 2 |  2.2
Fighting       | |  1.0
Bows           | |  1.0
Throwing       | |  1.0
Armour         | |  2.6
Poison Magic   | |  2.2
Evocations     | |  1.0

Action                   |  1- 3 |  4- 6 || total
-------------------------+-------+-------++-------
Melee: Whip              |    48 |       ||    48
       Spear             |     8 |     6 ||    14
       Headbutt          |       |     2 ||     2
 Fire: Blowgun           |    28 |       ||    28
 Cast: Magic Dart        |    80 |     9 ||    89
  Use: Scroll            |     8 |       ||     8
       Potion            |       |     1 ||     1
  Eat: Chunk             |     6 |       ||     6
Armor: Robe              |    35 |     2 ||    37
Dodge: Dodged            |    49 |     5 ||    54
